 Dungeon Crawl Stone Soup version 0.22-a0-42-g002c468 (webtiles) character file.

9006 theanonym the Destroyer (level 11, 0/69 HPs)
             Began as a Tengu Air Elementalist on Jan 5, 2018.
             Was a Believer of Vehumet.
             Succumbed to Nergalle's poison
             ... while paralysed
             ... on level 10 of the Dungeon.
             The game lasted 00:41:26 (13552 turns).

theanonym the Destroyer (Tengu Air Elementalist)   Turns: 13552, Time: 00:41:27

Health: 0/69       AC:  8    Str: 15    XL:     11   Next: 39%
Magic:  28/28      EV:  2    Int: 18    God:    Vehumet [**....]
Gold:   509        SH:  0    Dex: 23    Spells: 7/20 levels left

rFire    . . .     SeeInvis .   D - +1 long sword of the Neverending Eyes {slice, *Drain Str+6 Dex+5}
rCold    . . .     Gourm    .   B - +0 buckler
rNeg     . . .     Faith    .   O - +0 leather armour {4}
rPois    .         Spirit   .   n - +2 hat
rElec    .         Reflect  .   (no cloak)
rCorr    .         Harm     .   x - +2 pair of gloves {Dex+3}
MR       .....                  (boots unavailable)
Stlth    ++........             j - amulet of rage {+Rage}
HPRegen  0.21/turn              F - ring of magical power {MP+9}
MPRegen  0.21/turn              (no ring)

@: paralysed, lethally poisoned (0 -> -7), berserk cooldown, starving, slowed,
drained
A: beak, talons 3, able to fly 1
a: Fly, Renounce Religion, Evoke Berserk Rage


Innate Abilities, Weirdness & Mutations

You have a beak for a mouth.
You have claws for feet.
You can fly.


   Skills:
 + Level 8.6(8.4) Fighting
 - Level 5.0(4.8) Armour
 + Level 8.1(7.9) Dodging
 - Level 2.0(1.8) Stealth
 - Level 4.2(4.0) Shields
 - Level 5.0(4.8) Spellcasting
 - Level 10.2(10.0) Conjurations
 - Level 10.1(9.9) Air Magic


You had 7 spell levels left.
You knew the following spells:

 Your Spells              Type           Power        Failure   Level  Hunger
a - Shock                 Conj/Air       ####         1%          1    None
b - Static Discharge      Conj/Air       #####...     1%          3    ###....
c - Lightning Bolt        Conj/Air       #####.....   8%          5    ######.
e - Airstrike             Air            #####.....   2%          4    ####...

Skill      XL: |  1  2  3  4  5  6  7  8  9 10 11 |
---------------+----------------------------------+-----
Conjurations   | 2 3 4 5 6 7 9 10 | 10.2
Air Magic      | 5 6 7 9 10 | 10.1
Armour         | 2 5 |  5.0
Spellcasting   | 3 5 |  5.0
Shields        | 3 4 |  4.2
Dodging        | 5 6 8 |  8.1
Fighting       | 4 7 8 |  8.6
Stealth        | |  2.0

Action                   |  1- 3 |  4- 6 |  7- 9 | 10-12 || total
-------------------------+-------+-------+-------+-------++-------
Melee: Unarmed           |    21 |       |       |       ||    21
       Kick              |    11 |    16 |    66 |    42 ||   135
       Peck              |     5 |     8 |    42 |    30 ||    85
       Dagger            |    19 |    71 |    41 |       ||   131
       Long sword        |       |       |   140 |   108 ||   248
 Cast: Shock             |    52 |    76 |   101 |    73 ||   302
       Static Discharge  |       |     6 |     5 |    15 ||    26
       Airstrike         |       |     2 |     6 |    15 ||    23
       Lightning Bolt    |       |       |     8 |    13 ||    21
 Abil: Fly               |       |     5 |     7 |     9 ||    21
       Evoke Berserk Rag |       |       |       |     1 ||     1
Evoke: Wand              |       |       |    12 |     3 ||    15
  Use: Scroll            |     3 |     3 |     8 |     8 ||    22
       Potion            |     1 |       |     1 |     4 ||     6
 Stab: Sleeping          |     1 |     3 |     5 |       ||     9
       Distracted        |       |       |       |     1 ||     1
  Eat: Chunk             |     4 |     3 |    11 |    12 ||    30
       Ration            |       |     3 |     2 |     3 ||     8
Armor: Robe              |    13 |    15 |    16 |       ||    44
       Leather armour    |       |     3 |    27 |    21 ||    51
       Skin              |       |       |    12 |    23 ||    35
Dodge: Dodged            |    40 |    60 |   138 |    88 ||   326
Block: Buckler           |       |       |    46 |    46 ||    92
       Rpst.: Long sword |       |       |    25 |    26 ||    51

Inventory:

Hand Weapons
 q - a +1 dagger
   (You took it off a goblin on level 2 of the Dungeon)
 D - the +1 long sword of the Neverending Eyes (weapon) {slice, *Drain Str+6 Dex+5}
   (You found it on level 5 of the Dungeon)

   It inflicts extra damage upon your enemies.
   It affects your strength (+6).
   It affects your dexterity (+5).
   It causes draining when unequipped.
Armour
 a - a +0 robe {0}
 n - a +2 hat (worn)
   (You found it on level 2 of the Dungeon)
 s - a +0 pair of gloves
   (You found it on level 3 of the Dungeon)
 x - a +2 pair of gloves of dexterity (worn)
   (You found it on level 4 of the Dungeon)
 y - the +4 ring mail of Hangman {rC+ rN+ Stlth+, 7, unknown}
   (You took it off an orc on level 4 of the Dungeon)

   It protects you from cold.
   It protects you from negative energy.
   It makes you more stealthy.
 B - a +0 buckler (worn)
   (You found it on level 5 of the Dungeon)
 O - a +0 leather armour (worn) {4}
   (You found it on level 1 of the Dungeon)
Magical Staves
 Q - an uncursed staff of air {unknown}
   (You found it on level 8 of the Dungeon)
Jewellery
 j - an amulet of rage (around neck) {+Rage}
   (You found it on level 1 of the Dungeon)
 w - an uncursed ring of ice {rC+ rF-}
   (You found it on level 4 of the Dungeon)
 F - a ring of magical power (left hand) {MP+9}
   (You found it on level 6 of the Dungeon)
Wands
 v - a wand of acid (3)
   (You took it off an orc priest on level 4 of the Dungeon)
 z - a wand of random effects (42)
   (You found it on level 5 of the Dungeon)
 G - a wand of flame (68)
   (You found it on level 6 of the Dungeon)
 I - a wand of iceblast (16)
   (You took it off a kobold on level 7 of the Dungeon)
 L - a wand of polymorph (4)
   (You took it off Sigmund on level 6 of the Dungeon)
Scrolls
 b - 2 scrolls of blinking
 d - 4 scrolls of remove curse
 f - a scroll of fog
 r - 4 scrolls of enchant weapon
 t - 3 scrolls of teleportation {!r}
 J - a scroll of enchant armour
 P - a scroll of amnesia
Potions
 c - a potion of berserk rage
 h - a potion of brilliance {unknown}
 k - 2 potions of flight {unknown}
 l - 3 potions of mutation
 m - 3 potions of curing {unknown}
 o - 4 potions of haste
 p - 2 potions of lignification
 A - a potion of might {unknown}
 C - 2 potions of ambrosia {unknown}
 E - 2 potions of cancellation
 H - a potion of degeneration {unknown}
 M - a potion of resistance {unknown}
Books
 g - a book of Frost
   (You found it on level 7 of the Dungeon)
 i - a book of Air
 N - a book of Misfortune
   (You found it on level 8 of the Dungeon)


You were on level 10 of the Dungeon.
You worshipped Vehumet.
Vehumet was pleased with you.
You were starving.

You visited 3 branches of the dungeon, and saw 12 of its levels.

You collected 509 gold pieces.

Dungeon Overview and Level Annotations

Branches:
Dungeon (10/15)            Temple (1/1) D:7            Lair (1/6) D:9
    Orc: D:9-12

Altars:
Ashenzari
Elyvilon
Fedhas
Gozag
Hepliaklqana
Kikubaaqudgha
Makhleb
Nemelex Xobeh
Okawaru
Qazlal
Sif Muna
Trog
Uskayaw
Vehumet
Wu Jian

Annotations:
D:3 nc
Lair:1 exclusions: basilisk and hydra

,,,,,,,,,,,,,,,*,,,*,,,,,#.....##
,,,,,,,,,,,,,,,+,,,*,,,,,#.....#,
,,,,,,,,,,,,,,,*,,,*######.....#,
****,,,,,,,∩,,**,,,*#..........#,
,,,*,,,,,,,,,,**,,,*#..........#,
,,,*,,,,,,,,,,**,,,*#..........#,
**,*,,,,,>,,,,##+#######'#####.'.
*,+,,,,,,,,,,#.........##,,,####
*,*,,,,,,,,,,+.@##.....#,,,,,*,,
*,*,,,,,,,,,,#..##.....+,,,*,*,,
*,*,,,,,,,,,,#..##.....#,,,,,*,,
**,+,,,,,,,,,,#.........#*,,,**,,
,,,***********#..........#*******
**************#+#####......,,,,,,
,,,,,,,,,,,,,,,,,,,,#......,,,,**
,,,,,,,,,,,,,,,,,,,,*,,,,,,,,,,**
,,,,,,,,,,,,,,,,,>,,*,,,****..=,,


There were no monsters in sight!

Notes
Turn   | Place    | Note
-------+----------+-------------------------------------------
     0 | D:1      | theanonym the Tengu Air Elementalist began the quest for the Orb.
     0 | D:1      | Reached XP level 1. HP: 10/10 MP: 4/4
    58 | D:1      | Reached skill level 2 in Conjurations
   227 | D:1      | Reached XP level 2. HP: 15/15 MP: 1/6
  1131 | D:2      | Reached skill level 3 in Conjurations
  1273 | D:2      | Reached XP level 3. HP: 19/19 MP: 1/7
  1283 | D:2      | Learned a level 3 spell: Static Discharge
  1855 | D:2      | HP: 6/19 [adder (5)]
  1857 | D:2      | Reached skill level 4 in Conjurations
  1857 | D:2      | Reached XP level 4. HP: 8/24 MP: 0/8
  1948 | D:2      | HP: 12/24 [adder (1)]
  1952 | D:2      | Reached skill level 5 in Air Magic
  1953 | D:2      | HP: 6/24 [poisoned by an adder]
  1959 | D:2      | HP: 5/24 [poisoned by an adder]
  1967 | D:2      | HP: 3/24 [poisoned by an adder]
  3019 | D:3      | Reached skill level 5 in Conjurations
  3092 | D:4      | Gained mutation: You can fly. [Tengu growth]
  3092 | D:4      | Reached XP level 5. HP: 28/28 MP: 6/9
  3124 | D:4      | Learned a level 4 spell: Airstrike
  3372 | D:4      | Reached skill level 6 in Conjurations
  3433 | D:4      | Reached XP level 6. HP: 31/32 MP: 0/10
  3718 | D:4      | Reached skill level 1 in Armour
  3950 | D:3      | Found a bloodstained altar of Trog.
  3951 | D:3      | Noticed a wizard
  3956 | D:3      | Killed a wizard
  4071 | D:3      | Reached skill level 6 in Air Magic
  4188 | D:4      | HP: 15/32 [orc priest/wand of acid (10) (17)]
  4188 | D:4      | HP: 3/32 [acid (12)]
  4612 | D:4      | Reached skill level 2 in Armour
  4612 | D:4      | Reached skill level 3 in Spellcasting
  4612 | D:4      | Reached XP level 7. HP: 36/36 MP: 2/13
  4745 | D:4      | Got a warped ring mail {7}
  4787 | D:4      | Learned a level 5 spell: Lightning Bolt
  4830 | D:4      | Found an opulent altar of Gozag.
  4918 | D:4      | HP: 10/36 [orc priest/divine providence (14)]
  5191 | D:4      | Noticed Robin
  5196 | D:4      | Killed Robin
  5196 | D:4      | Reached skill level 3 in Armour
  5421 | D:5      | Entered Level 5 of the Dungeon
  5474 | D:5      | Reached skill level 4 in Armour
  5771 | D:5      | Reached skill level 5 in Armour
  5791 | D:5      | Reached skill level 1 in Shields
  6046 | D:5      | Got an encrusted long sword
  6047 | D:5      | Identified the cursed +1 long sword of the Neverending Eyes {slice, *Drain Str+6 Dex+5} (You found it on level 5 of the Dungeon)
  6204 | D:5      | Noticed Ijyb
  6213 | D:5      | Killed Ijyb
  6213 | D:5      | Reached skill level 2 in Shields
  6346 | D:5      | Reached skill level 3 in Shields
  6346 | D:5      | Reached XP level 8. HP: 32/41 MP: 14/14
  6564 | D:6      | Noticed Dowan
  6689 | D:6      | Reached skill level 4 in Shields
  6888 | D:6      | Noticed Blork the orc
  6896 | D:6      | Reached skill level 3 in Dodging
  6904 | D:6      | Killed Blork the orc
  6933 | D:6      | Noticed Menkaure
  6945 | D:6      | Killed Menkaure
  6951 | D:6      | Reached skill level 4 in Dodging
  7182 | D:6      | Noticed Sigmund
  7358 | D:6      | Killed Sigmund
  7470 | D:6      | Noticed Duvessa
  7477 | D:6      | Killed Duvessa
  7477 | D:6      | Reached skill level 5 in Dodging
  7477 | D:6      | Reached skill level 7 in Conjurations
  7477 | D:6      | Reached skill level 7 in Air Magic
  7479 | D:6      | Killed Dowan
  7479 | D:6      | Reached XP level 9. HP: 45/45 MP: 15/15
  7765 | D:7      | Found a staircase to the Ecumenical Temple.
  7774 | Temple   | Entered the Ecumenical Temple
  7783 | Temple   | Became a worshipper of Vehumet
  8208 | D:7      | Reached skill level 1 in Fighting
  8208 | D:7      | Reached skill level 8 in Conjurations
  8507 | D:7      | Reached skill level 8 in Air Magic
  8616 | D:8      | Paralysed by a centaur for 4 turns
  8618 | D:8      | HP: 21/48 [centaur (8)]
  8620 | D:8      | Reached skill level 2 in Fighting
  9209 | D:8      | Noticed a two-headed ogre
  9277 | D:8      | Noticed a two-headed ogre
  9428 | D:8      | Reached * piety under Vehumet
  9428 | D:8      | Offered knowledge of Magic Dart by Vehumet.
  9429 | D:8      | Reached skill level 3 in Fighting
  9430 | D:8      | Reached skill level 9 in Conjurations
  9444 | D:8      | Noticed a two-headed ogre
  9455 | D:8      | Killed a two-headed ogre
  9455 | D:8      | Reached skill level 4 in Fighting
  9455 | D:8      | Reached skill level 9 in Air Magic
  9455 | D:8      | Reached XP level 10. HP: 58/58 MP: 2/16
  9630 | D:8      | Killed a two-headed ogre
  9630 | D:8      | Reached skill level 10 in Conjurations
  9630 | D:8      | Reached skill level 10 in Air Magic
  9764 | D:9      | Reached skill level 5 in Fighting
  9774 | D:9      | Found a shattered altar of Ashenzari.
  9951 | D:9      | Reached skill level 4 in Spellcasting
 10258 | D:9      | Found a staircase to the Lair.
 10706 | D:10     | Entered Level 10 of the Dungeon
 10753 | D:8      | HP: 30/60 [two-headed ogre/dire flail (14)]
 10755 | D:8      | Killed a two-headed ogre
 10755 | D:8      | Reached skill level 6 in Fighting
 10975 | D:8      | Reached skill level 5 in Spellcasting
 11191 | D:8      | Reached ** piety under Vehumet
 11194 | D:8      | Offered knowledge of Flame Tongue by Vehumet.
 11741 | Lair:1   | Entered Level 1 of the Lair of Beasts
 11788 | Lair:1   | Noticed a spiny frog
 11799 | Lair:1   | Noticed a black mamba
 11804 | Lair:1   | HP: 28/61 [black mamba (10)]
 11805 | Lair:1   | Killed a spiny frog
 11806 | Lair:1   | HP: 6/61 [black mamba (14)]
 11810 | Lair:1   | Killed a black mamba
 11810 | Lair:1   | Reached skill level 7 in Fighting
 11810 | Lair:1   | Reached skill level 6 in Dodging
 11832 | Lair:1   | HP: 31/63 [water moccasin (2)]
 11837 | Lair:1   | HP: 24/63 [poisoned by a water moccasin]
 11842 | D:9      | HP: 21/63 [poisoned by a water moccasin]
 11848 | D:9      | HP: 20/63 [poisoned by a water moccasin]
 11855 | D:9      | HP: 19/63 [poisoned by a water moccasin]
 12261 | Lair:1   | Reached XP level 11. HP: 52/67 MP: 19/19
 12280 | Lair:1   | HP: 29/67 [yak (14)]
 12296 | Lair:1   | HP: 18/68 [meliai (5)]
 12297 | Lair:1   | Reached skill level 7 in Dodging
 12756 | Lair:1   | Noticed a four-headed hydra
 12825 | D:10     | Reached skill level 8 in Fighting
 12826 | D:10     | Offered knowledge of Dazzling Spray by Vehumet.
 12831 | D:10     | HP: 32/68 [/static electricity (4)]
 13055 | D:10     | Found an iron altar of Okawaru.
 13161 | D:10     | Noticed a centaur warrior
 13165 | D:10     | HP: 33/69 [centaur warrior/arrow (6)]
 13516 | D:10     | Noticed Nergalle
 13540 | D:10     | HP: 8/69 [Nergalle/bolt of negative energy (33)]
 13545 | D:10     | Killed Nergalle
 13545 | D:10     | Reached skill level 8 in Dodging
 13545 | D:10     | HP: 5/103 [poisoned by Nergalle]
 13548 | D:10     | HP: 2/103 [poisoned by Nergalle]
 13552 | D:10     | Succumbed to Nergalle's poison

Vanquished Creatures
  3 two-headed ogres (D:8)
  Nergalle (D:10)
  A black mamba (Lair:1)
  A spiny frog (Lair:1)
  2 hornets (D:9)
  A meliai (Lair:1)
  Sigmund (D:6)
  9 yaks
  Menkaure (D:6)
  Duvessa (D:6)
  A water moccasin (D:9)
  2 orc warriors (D:8)
  2 ice beasts
  4 sky beasts
  2 black bears (D:8)
  3 ogres
  2 centaurs
  3 crocodiles (Lair:1)
  A big kobold (D:7)
  5 bullfrogs
  Blork the orc (D:6)
  Dowan (D:6)
  A scorpion (D:4)
  4 howler monkeys
  2 crimson imps
  A centaur zombie (D:5)
  3 bullfrog zombies
  3 jellies
  7 hounds
  2 bullfrog skeletons
  5 orc priests
  Ijyb (D:5)
  3 worker ants
  8 orc wizards
  A worker ant zombie (D:8)
  Robin (D:4)
  A howler monkey skeleton (D:7)
  13 adders
  A shadow imp (D:8)
  2 oozes
  4 adder skeletons
  2 worms
  2 dart slugs (D:1)
  7 leopard geckos
  29 orcs
  2 ball pythons
  5 bats
  4 giant cockroaches
  13 goblins
  11 hobgoblins
  17 jackals
  5 quokkas
  5 frilled lizards
  2 giant cockroach zombies
  6 kobolds
  A leopard gecko skeleton (D:4)
  7 rats
229 creatures vanquished.

Vanquished Creatures (others)
  A wizard (D:3)
1 creature vanquished.

Grand Total: 230 creatures vanquished

Table legend:
 A = Turns spent in this place as a percentage of turns spent in the entire game.
 B = Non-inter-level travel turns spent in this place as a percentage of non-inter-level travel turns spent in the entire game.
 C = Inter-level travel turns spent in this place as a percentage of turns spent in this place.
 D = Turns resting spent in this place as a percentage of non-inter-level travel turns spent in this place.
 E = Turns spent auto-exploring this place as a percentage of non-inter-level travel turns spent in this place.
 F = Non-inter-level travel turns spent in this place divided by the number of levels of this place that you've seen.
                   A       B       C       D       E      F
               +-------+-------+-------+-------+-------+----------------------
         Total | 100.0 | 100.0 |   4.3 |  44.8 |  39.8 | 1080.2
       Dungeon |  94.2 |  94.3 |   4.2 |  44.9 |  39.9 | 1222.5
        Temple |   0.1 |   0.0 |  78.9 |   0.0 |  25.0 |   4.0
          Lair |   5.7 |   5.7 |   5.0 |  42.5 |  38.0 | 734.0
               +-------+-------+-------+-------+-------+----------------------
